 Dungeon Crawl Stone Soup version 0.28-a0-1560-g060a6a1bfc (webtiles) character file.

Game seed: 18146184492213536790

41 Nattfarinn the Magician (level 3, 0/25 HPs)
             Began as a Djinni Venom Mage on Jan 19, 2022.
             Slain by an orc (7 damage)
             ... on level 1 of the Dungeon.
             The game lasted 00:03:12 (1914 turns).

Nattfarinn the Magician (Djinni Venom Mage)         Turns: 1914, Time: 00:03:14

Health: 0/25       AC:  3    Str:  7    XL:     3   Next: 75%
Gold:   17         EV: 12    Int: 18    God:
                   SH:  0    Dex: 13

rFire   + + .      SeeInvis .   (no weapon)
rCold   x . .      Faith    .   (no shield)
rNeg    . . .      Spirit   .   a - +0 robe
rPois   ∞          Reflect  .   c - +0 helmet
rElec   .          Harm     .   (no cloak)
rCorr   .          Rampage  .   (no gloves)
Will    .....                   (boots unavailable)
Stlth   ++........              (no amulet)
HPRegen 0.08/turn               (no ring)
MPRegen 0.00/turn               (no ring)

@: flying
A: sickness immunity, fire resistance 2, cold vulnerability 1, float, innate
caster, hp casting, extra vitality 1
a: no special abilities


You were on level 1 of the Dungeon.
You visited 1 branch of the dungeon, and saw 2 of its levels.

You collected 17 gold pieces.

Inventory:

Armour
 a - a +0 robe (worn)
 c - a +0 helmet (worn)
Scrolls
 b - a scroll of magic mapping {unknown}
 e - a scroll of immolation {unknown}
 f - a scroll of noise {unknown}
Potions
 d - a potion of curing {unknown}


   Skills:
 - Level 2.1 Dodging
 - Level 1.5 Stealth
 * Level 3.5 Spellcasting


You couldn't memorise any spells.
You knew the following spells:

 Your Spells              Type           Power      Damage    Failure   Level
a - Sting                 Tmut/Pois      60%        1d6       3%          1
b - Poisonous Vapours     Pois/Air       30%        N/A       5%          2
c - Mephitic Cloud        Conj/Pois/Air  15%        N/A       11%         3
d - Olgreb's Toxic Radia  Pois           15%        N/A       36%         4
e - Summon Small Mammal   Summ           60%        N/A       3%          1
Your spell library was empty.

Dungeon Overview and Level Annotations

Branches:
Dungeon (2/15)

Altars:
The Shining One

Shops:
D:1 =


Innate Abilities, Weirdness & Mutations

You are immune to sickness and miasma.
You are immune to poison.
Your flesh is very heat resistant. (rF++)
You are vulnerable to cold. (rC-)
You float through the air rather than walking.
You learn spells naturally, not from books.
Your magical power is your life essence.
You have superior vitality. (+4 MHP)


Message History

You can't see any susceptible monsters within range! (Use Z to cast anyway.)
Found a book of Alchemy.
A bat comes into view.
Something hits you.
You hit something but do no damage. You hit the bat.
The bat is severely wounded.
The bat barely misses you.
Casting: Mephitic Cloud (quite dangerous; 12% risk of failure)
Confirm with . or Enter, or press ? or * to list all spells.
Aiming: Poisonous Vapours (safe; 6% risk of failure)
Press: ? - help, Dir - move target, f - bat
Aim: a bat (severely wounded) Poisonous vapours surround the bat!
The bat is poisoned.
You feel a bit more experienced. The bat hits you but does no damage.
Something hits you.
Unknown command.
A bat is nearby!
A bat is nearby!
A bat is nearby!
A bat is nearby!
You kill the bat!
Something hits you.
An orc comes into view. It is wielding a +0 flail.
Unknown command.
The orc shouts!
There is a stone staircase leading up here.
Something hits you but does no damage. The orc barely misses you.
You fly upwards.
Reactivating autopickup.
There is a stone staircase leading down here.
Casting: Poisonous Vapours (safe; 5% risk of failure)
Confirm with . or Enter, or press ? or * to list all spells.
Aiming: Poisonous Vapours (safe; 5% risk of failure)
Press: ? - help, Dir - move target, f - orc
Aim: an orc, wielding a +0 flail Poisonous vapours surround the orc!
The orc is poisoned.
* * * LOW HITPOINT WARNING * * *
The orc hits you with a +0 flail!
You die...

#......#
#........#.......#......
#.#.##.#
#..............#.######.
#.#.##.###.......##.....#.#
#.
#.#.##.##.....######..#.#.#
#. #.#.##.##.###.# #......#
#. #......##.# #.####
#......# ####.
###.......###....# ####.###
#.... #######.÷)..##.# #.#
#.### ###.#.##@######.#
#.### #.#..o........# #.##.
#.####.######## #.#..
#.####.# ####...# #......#
#.....## ######## #.###..#
#######.# ##.. #.......#
### #.#####.# ###


You could see an orc (poisoned).

Vanquished Creatures
  4 ball pythons
  3 endoplasms (D:1)
  2 goblins (D:1)
  A hobgoblin (D:1)
  10 jackals (D:1)
  A quokka (D:1)
  3 bats
  7 kobolds (D:1)
  3 rats (D:1)
34 creatures vanquished.

Vanquished Creatures (collateral kills)
  An orc (D:2)
1 creature vanquished.

Grand Total: 35 creatures vanquished

Notes
Turn   | Place    | Note
-------+----------+-------------------------------------------
     0 | D:1      | Nattfarinn the Djinni Venom Mage began the quest for the
                  | Orb.
     0 | D:1      | Reached XP level 1. HP: 15/15 MP: 0/0
   358 | D:1      | Reached XP level 2. HP: 16/21 MP: 0/0
   376 | D:1      | Reached skill level 3 in Spellcasting
   738 | D:1      | Found a faded altar of an unknown god.
   812 | D:1      | Found Depab's Jewellery Boutique.
   931 | D:1      | Reached XP level 3. HP: 9/25 MP: 0/0
   931 | D:1      | Learned a level 1 spell: Summon Small Mammal
  1868 | D:2      | Found a glowing golden altar of the Shining One.
  1914 | D:1      | Slain by an orc

Illustrated notes

Levels and vault maps discovered:
D:1:      dpeg_arrival_stone_temple_mockup, layout_loops_cross, serial_shops,
          nicolae_shop_hallway_plus, ebering_ecumenical_altar_petrified
D:2:      layout_loops_ring, basic_altar, minivault_25

Skill      XL: |  1  2 |
---------------+-------+-----
Spellcasting   | 3 |  3.5
Dodging        | |  2.1
Stealth        | |  1.5

Action                   || total
-------------------------++-------
Melee: Unarmed           ||     6
 Cast: Sting             ||    60
       Poisonous Vapours ||     5
       Mephitic Cloud    ||     1
Armor: Robe              ||    14
Dodge: Dodged            ||    27

Table legend: (Time is in decaauts)
 A = Elapsed time spent in this place.
 B = Non-inter-level travel time spent in this place.
 C = Inter-level travel time spent in this place.
 D = Time resting spent in this place.
 E = Time spent auto-exploring this place.
 F = Levels seen in this place.
 G = Mean time per level.
                   A        B        C        D        E       F      G
               +--------+--------+--------+--------+--------+-----+--------+
         Total |   1914 |   1846 |     68 |    315 |   1335 |   2 |  957.0 |
       Dungeon |   1914 |   1846 |     68 |    315 |   1335 |   2 |  957.0 |
               +--------+--------+--------+--------+--------+-----+--------+

Top non-repeatable levels by time:
     D:1: 1868 daAuts
     D:2: 45 daAuts
